 Dungeon Crawl Stone Soup version 0.31.0-32-g396128a36d (webtiles) character file.

Game seed: 17490884164043013509

225 FenrisNG the Cudgeller (level 5, -3/45 HPs)
             Began as a Minotaur Gladiator on Mar 18, 2024.
             Killed from afar by an orc wizard (7 damage)
             ... with a magic dart
             ... on level 4 of the Dungeon on Mar 21, 2024.
             The game lasted 00:28:09 (3502 turns).

FenrisNG the Cudgeller (Minotaur Gladiator)         Turns: 3502, Time: 00:28:10

Health: -3/45      AC:  3    Str: 20    XL:     5   Next: 68%
Magic:  4/4        EV: 14    Int:  5    God:
Gold:   193        SH:  0    Dex: 18    Spells: 3/4 levels left

rFire   . . .        a - +1 flail
rCold   . . .        (no shield)
rNeg    . . .        b - +0 leather armour
rPois   .            c - +0 hat
rElec   .            (no cloak)
rCorr   .            (no gloves)
SInv    .            (no boots)
Will    .....        (no amulet)
Stlth   ++           K - +6 ring of dexterity
HPRegen 0.27/turn    (no ring)
MPRegen 0.09/turn

%: no passive effects
@: mighty
A: horns 2, retaliatory headbutt
a: no special abilities


You were on level 4 of the Dungeon.
You visited 1 branch of the dungeon, and saw 4 of its levels.

You collected 193 gold pieces.

Inventory:

Hand Weapons
 a - a +1 flail (weapon)
 g - a +0 short sword
 h - a +0 club
 j - a +0 dagger
 k - a +0 dagger
 n - a +0 rapier
 o - a +0 dagger
 q - a +0 dagger
 t - a +0 short sword
 u - a +0 trident
 v - a +0 dagger
 w - a +0 long sword
 x - a +0 quarterstaff
 y - a +0 club
 A - a +0 whip
 B - a +0 short sword
 C - a +0 dagger
 D - a +0 rapier
 H - a +0 mace
Missiles
 d - 3 throwing nets
 e - 67 stones
 z - 5 boomerangs
Armour
 b - a +0 leather armour (worn)
 c - a +0 hat (worn)
 l - a +0 leather armour
 E - a +0 barding
 G - a +0 leather armour
 I - a +0 ring mail
 N - a +0 scale mail
Magical Staves
 r - a staff of earth
Jewellery
 F - a ring of positive energy
 K - a +6 ring of dexterity (left hand)
Scrolls
 i - a scroll of teleportation
 s - a scroll of noise {unknown}
Potions
 f - a potion of heal wounds
 p - a potion of invisibility
 J - a potion of haste
 L - a potion of brilliance


   Skills:
 + Level 3.0 Fighting
 + Level 4.6 Maces & Flails
 + Level 3.4 Throwing
 + Level 2.8 Armour
 + Level 4.3 Dodging
 + Level 0.8 Stealth


You had 3 spell levels left.
You knew the following spells:

 Your Spells              Type           Power      Damage    Failure   Level
a - Freeze                Ice            0%         1d3       52%         1

Your spell library contained the following spells:

 Spells                   Type           Power      Damage    Failure   Level
 Necrotise                Necr           0%         1d4       52%         1
 Frozen Ramparts          Ice            0%         1d1       88%         3
 Hailstorm                Conj/Ice       0%         3d5       88%         3
 Vampiric Draining        Necr           0%         2d6       88%         3
 Martyr's Knell           Necr/Summ      0%         N/A       99%         4
 Curse of Agony           Necr           0%         N/A       100%        5


Dungeon Overview and Level Annotations

Branches:
Dungeon (4/15)
 Temple: D:4-7

Altars:
Dithmenos
Fedhas
Sif Muna


Innate Abilities, Weirdness & Mutations

You have a pair of horns on your head.
You reflexively headbutt those who attack you in melee.


Message History

Aim: an orc, wielding a +0 flail and wearing a +0 leather armour (60% to hit)
You throw a javelin. The javelin closely misses the orc.
An orc comes into view. It is wielding a +0 falchion.
A magic dart appears from out of thin air!
The magic dart hits you! Something hits you.
You hit something.
A hobgoblin comes into view.
You hear some strange, mumbled words.
A magic dart appears from out of thin air!
The magic dart hits you!
You feel very mighty all of a sudden.
The hobgoblin shouts!
You bludgeon the orc!!
You kill the orc!
Something hits you but does no damage.
You thump the orc!
You kill the orc!
Something hits you.
You hear some strange, mumbled words.
A puff of flame appears from out of thin air!
The puff of flame hits you!
Items here: )) [ ††.
You miss something. The hobgoblin barely misses you. You furiously retaliate!
You headbutt the hobgoblin!
You kill the hobgoblin!
Something hits you.
You closely miss something. Something hits you.
You hit something. Something hits you.
You miss something. Something hits you.
* * * LOW HITPOINT WARNING * * *
You hear some strange, mumbled words.
A puff of flame appears from out of thin air!
The puff of flame hits you!
* * * LOW HITPOINT WARNING * * *
You closely miss something. Your headbutt misses something.
You hear some strange, mumbled words.
A magic dart appears from out of thin air!
The magic dart hits you!
You die...

♣.♣ ♣.♣♣ ♣♣..♣ # ♣...# .# #
##.## .##.# ##.# ..(..# #..#
###...... .##
##.########{)..# ...
#....>.....@# ###
#....###..### #
#......###...... ###
#....##..#####.. ###..
#.....###..#############..##
#.......###..#.......#..####
#.........##.'..⌠8⌠..'.## #
#.......###..#.....^.#..# #
###.#####..#############..#


There were no monsters in sight!

Vanquished Creatures
  A scorpion (D:4)
  An orc priest (D:4)
  2 orc wizards (D:3)
  An adder (D:2)
  A ribbon worm (D:2)
  8 orcs
  4 endoplasms
  4 giant cockroaches
  7 goblins
  6 hobgoblins
  8 kobolds
  3 quokkas
  6 ball pythons
  6 bats
  A frilled lizard (D:3)
  2 rats (D:1)
61 creatures vanquished.

Vanquished Creatures (collateral kills)
  A bat (D:3)
1 creature vanquished.

Grand Total: 62 creatures vanquished

Notes
Turn   | Place    | Note
-------+----------+-------------------------------------------
     0 | D:1      | FenrisNG the Minotaur Gladiator began the quest for the
                  | Orb.
     0 | D:1      | Reached XP level 1. HP: 18/18 MP: 0/0
    38 | D:1      | Found a faded altar of an unknown god.
   580 | D:1      | Reached XP level 2. HP: 25/25 MP: 1/1
   936 | D:1      | Learned a level 1 spell: Freeze
  1414 | D:2      | Reached XP level 3. HP: 30/30 MP: 2/2
  1529 | D:2      | Reached skill level 1 in Armour
  2775 | D:3      | Found a shimmering blue altar of Sif Muna.
  2780 | D:3      | Reached XP level 4. HP: 37/37 MP: 3/3
  3124 | D:4      | Noticed a scorpion
  3131 | D:4      | Killed a scorpion
  3132 | D:4      | Reached XP level 5. HP: 42/44 MP: 4/4
  3229 | D:4      | Found a shadowy altar of Dithmenos.
  3438 | D:4      | Found a blossoming altar of Fedhas.
  3502 | D:4      | Killed from afar by an orc wizard

Illustrated notes

Levels and vault maps discovered:
D:1:      dpeg_arrival_orchard, layout_loops_corners,
          shapermc_ecumenical_altar_starsandcircs, grunt_decor_mini_mirrors
D:2:      layout_basic
D:3:      layout_loops_ring, kennysheep_orc_sif_temple
D:4:      layout_rooms, mainiacjoe_overflow_catwalk, fedhas_altar_4,
          minmay_temple_entry_poolview, chequers_jeans, moated_statue,
          grunt_decor_clamped, serial_bayou_pond_b

Skill      XL: |  1  2  3  4  5 |
---------------+----------------+-----
Maces & Flails | 4 |  4.6
Armour         | 1 2 |  2.8
Dodging        | 4 |  4.3
Throwing       | 3 |  3.4
Fighting       | 3 |  3.0
Stealth        | |  0.8

Action                     |  1- 3 |  4- 6 || total
---------------------------+-------+-------++-------
  Melee: Flail             |    51 |    38 ||    89
         Headbutt          |     5 |     4 ||     9
  Throw: Javelin           |    38 |    12 ||    50
    Use: Potion            |     7 |     3 ||    10
         Scroll            |     6 |       ||     6
   Stab: Sleeping          |     1 |       ||     1
 Armour: Leather armour    |    41 |    37 ||    78
  Dodge: Dodged            |    48 |    19 ||    67
